cohdb
Replays
Latest Replays
All Replays
Popular Replays
Top Player Replays
Match Explorer
How It Works
Community
CoH3 Stats
Reddit
Sign in to upload your games and track your stats! →
Sign in with Steam
Match 40161017
Unlisted
Match 40161017
Overview
Messages
Build Orders
End
Vickers Machine Gun Team
Construct Section Command Post
Infantry Section
Infantry Section
Selects Canadian Shock Battlegroup
Selects Attacking Spirit
Selects Canadian Shock Section
Canadian Shock Section
Construct Platoon Command Post
Selects Incendiary Munitions
ML 3-inch Mortar Team
CMP 15cwt Truck
6-pounder Anti-tank Gun Team
Selects Pyrotechnics
Construct Company Command Post
Unlock M3 Grant Medium Tanks
M3 Grant Medium Tank
Canadian Shock Section
Infantry Training
Canadian Shock Section
Captain Tank
Ozan
walrus3million
Colbear
KoalaImpala
Tanith's Finest
0
0
Comments
sign in to comment!
No comments posted yet!